 Dungeon Crawl Stone Soup version 0.30-a0-600-gb7c8574cbb (webtiles) character file.

Game seed: 10774524526333899822

102 M4edhros the Charlatan (level 4, -1/29 HPs)
             Began as an Octopode Artificer on Jan 7, 2023.
             Slain by a gnoll
             ... wielding a +0 whip
              (6 damage)
             ... on level 4 of the Dungeon.
             The game lasted 00:02:05 (843 turns).

M4edhros the Charlatan (Octopode Artificer)          Turns: 843, Time: 00:02:06

Health: -1/29      AC:  1    Str: 11    XL:     4   Next: 77%
Magic:  4/4        EV: 13    Int: 13    God:
Gold:   108        SH:  4    Dex: 14    Spells: 3/3 levels left

rFire   . . .      SeeInvis .      - Unarmed
rCold   . . .      Faith    .    f - +0 buckler
rNeg    . . .      Spirit   .    (helmet restricted)
rPois   +          Reflect  .    (no amulet)
rElec   .          Harm     .    e - ring of resist corrosion
rCorr   +          Rampage  .    h - ring of poison resistance
Will    .....                    (no ring)
Stlth   +++                      (no ring)
HPRegen 0.24/turn                (no ring)
MPRegen 0.09/turn                (no ring)
                                 (no ring)
                                 (no ring)

@: no status effects
A: almost no armour, amphibious, 8 rings, camouflage 1, gelatinous body 1,
(nimble swimmer 1), tentacles
a: no special abilities


You were on level 4 of the Dungeon.
You visited 1 branch of the dungeon, and saw 4 of its levels.

You collected 108 gold pieces.

Inventory:

Armour
 f - a +0 buckler (worn)
Jewellery
 e - a ring of resist corrosion (left tentacle)
 h - a ring of poison resistance (right tentacle)
Wands
 b - a wand of flame (10) (quivered)
 c - a wand of charming (10)
 d - a wand of iceblast (4)
Scrolls
 a - 2 scrolls of poison {unknown}
 g - 3 scrolls of identify {unknown}
 i - a scroll of teleportation {unknown}
 j - 2 scrolls of amnesia {unknown}


   Skills:
 + Level 1.8 Fighting
 + Level 2.9 Dodging
 + Level 2.8 Stealth
 + Level 1.0 Shields
 * Level 2.1 Unarmed Combat
 + Level 3.7 Evocations


You had 3 spell levels left.
You didn't know any spells.
Your spell library was empty.

Dungeon Overview and Level Annotations

Branches:
Dungeon (4/15)
 Temple: D:4-7

Altars:
Dithmenos

Shops:
D:2 (


Innate Abilities, Weirdness & Mutations

You cannot wear most types of armour.
You are amphibious.
You can wear up to eight rings at the same time.
Your skin changes colour to match your surroundings (Stealth+).
Your rubbery body absorbs attacks. (AC +1, EV +1)
((You are camouflaged when in or above water. (Stealth+)))
You have tentacles for arms and can constrict up to eight enemies at once.


Message History

The puff of flame hits the kobold.
You kill the kobold!
The jackal bites your scorpion but does no damage.
Your jackal closely misses the hobgoblin.
Your scorpion stings the jackal.
The jackal dies!
The hobgoblin hits your scorpion.
Your jackal closely misses the hobgoblin.
Your scorpion stings the hobgoblin.
The hobgoblin dies!
What are your orders? t - Shout!
Orders for allies: a - Attack new target. r - Retreat! s - Stop attacking. g - Guard the area. f - Follow me.
Anything else - Cancel.
Guard this area!
You swap places.
You now have 108 gold pieces (gained 10).
Found a runed war axe.
A goblin comes into view. It is wielding a +0 club.
The goblin shouts!
You tentacle-slap the goblin. Your grab misses the goblin.
The goblin is almost dead.
You hear a shout! x4
The goblin hits you with a +0 club.
* * * LOW HITPOINT WARNING * * *
You hear a shout!
Aiming: Throw Flame
Press: ? - help, Shift-Dir - straight line, f - goblin
Aim: a goblin, wielding a +0 club (almost dead, ally target, 64% to hit)
The puff of flame hits the goblin.
You kill the goblin! 3 gnolls and a quokka come into view.
Found a scroll labelled WAROTHR SIUFIA.
The gnoll moves out of view. x2
You see here a +0 club.
An orc priest comes into view. It is wielding a +0 dagger.
An orc comes into view. It is wielding a +0 hand axe.
The gnoll hits you with a +0 whip.
You die...

#####......#
#..[.....<)..#
###.#####..h...#
#?..#.. +...)..#
#.#...# #......#
.....# #.#...##
######..###.#...#
.........)..#.s.#
###...@g########
#)..g..# #......#
#......# ###..g.o
#.....# #.....#
#.r..o#


You could see an orc priest (wandering), 3 gnolls, an orc (wandering) and a
quokka (wandering).

Vanquished Creatures
  5 gnolls (D:2)
  2 adders (D:2)
  A worm (D:3)
  A dart slug (D:2)
  2 ball pythons
  4 goblins
  3 hobgoblins
  A jackal (D:4)
  3 quokkas
  2 bats
  3 frilled lizards
  4 kobolds
  3 rats
34 creatures vanquished.

Vanquished Creatures (collateral kills)
  A hobgoblin (D:4)
  A jackal (D:4)
2 creatures vanquished.

Vanquished Creatures (others)
  A gnoll (D:2)
  A goblin (D:4)
  A jackal (D:4)
3 creatures vanquished.

Grand Total: 39 creatures vanquished

Notes
Turn   | Place    | Note
-------+----------+-------------------------------------------
     0 | D:1      | M4edhros the Octopode Artificer began the quest for the
                  | Orb.
     0 | D:1      | Reached XP level 1. HP: 13/13 MP: 1/1
   160 | D:1      | Reached XP level 2. HP: 15/18 MP: 2/2
   231 | D:2      | Found Muriam's Weapon Shop.
   243 | D:2      | Reached skill level 1 in Unarmed Combat
   269 | D:2      | Found a shadowy altar of Dithmenos.
   291 | D:2      | Reached XP level 3. HP: 23/23 MP: 3/3
   343 | D:2      | Reached XP level 4. HP: 10/28 MP: 4/4
   485 | D:2      | Reached skill level 1 in Shields
   821 | D:4      | Noticed a scorpion
   843 | D:4      | Slain by a gnoll

Illustrated notes

Levels and vault maps discovered:
D:1:      sevenhm_arrival_forest_fort_large_2, layout_basic,
          shapermc_ecumenical_altar_mp_vishouse
D:2:      layout_rooms, basic_altar, serial_shops, nicolae_diamond_shop,
          uniq_sigmund
D:3:      layout_loops_corners
D:4:      layout_basic, uniq_pikel, uniq_crazy_yiuf_cottage

Skill      XL: |  1  2  3  4 |
---------------+-------------+-----
Unarmed Combat | 1 2 |  2.1
Stealth        | 2 |  2.8
Shields        | 1 |  1.0
Fighting       | |  1.8
Dodging        | |  2.9
Evocations     | |  3.7

Action                   |  1- 3 |  4- 6 || total
-------------------------+-------+-------++-------
Melee: Unarmed           |    42 |    31 ||    73
       Constrict         |    11 |     8 ||    19
       Tentacles         |    11 |     5 ||    16
       Punch             |     3 |       ||     3
Evoke: Wand              |     1 |    10 ||    11
  Use: Potion            |       |     1 ||     1
 Stab: Sleeping          |     5 |     1 ||     6
Armor: Skin              |       |     6 ||     6
Dodge: Dodged            |    29 |    30 ||    59
Block: Buckler           |     2 |     7 ||     9

Table legend: (Time is in decaauts)
 A = Elapsed time spent in this place.
 B = Non-inter-level travel time spent in this place.
 C = Inter-level travel time spent in this place.
 D = Time resting spent in this place.
 E = Time spent auto-exploring this place.
 F = Levels seen in this place.
 G = Mean time per level.
                   A        B        C        D        E       F      G
               +--------+--------+--------+--------+--------+-----+--------+
         Total |    842 |    805 |     37 |    138 |    398 |   4 |  210.5 |
       Dungeon |    842 |    805 |     37 |    138 |    398 |   4 |  210.5 |
               +--------+--------+--------+--------+--------+-----+--------+

Top non-repeatable levels by time:
     D:2: 372 daAuts
     D:1: 230 daAuts
     D:3: 211 daAuts
     D:4: 26 daAuts
